General information
- name: BNet
- type: Ladder team game (AT/RT)
- host: Battle.net
- saver: KalUrgol
map: TwilightRuins
- players: 8
- length: 37:40
- speed: Fast
- version: 1.26 W3XP
- replay type: Public
» download(309 KB)
Players
team 1 (winner)

»
13lademaster007 (
pink | 36 APM | 1342 actions | 37:39)
9 Shadow Hunter
3 Hex
3 Healing Wave
1 Big Bad Voodoo
2 Serpent Ward
» actions
| Assign group hotkey | 5 | |
| Basic commands | 3 | |
| Build / train | 131 | |
| Enter build submenu | 29 | |
| Enter hero's abilities submenu | 9 | |
| Give item / drop item | 3 | |
| Remove unit from queue | 6 | |
| Right click | 558 | |
| Select / deselect | 388 | |
| Select group hotkey | 69 | |
| Use ability | 141 | |
1342 total
» units
| Peon | 33 | |
| Grunt | 9 | |
| Shaman | 12 | |
| Tauren | 9 | |
| Troll Batrider | 10 | |
| Wind Rider | 2 | |
75 total
» upgrades
| Armor | 3 | |
| Shaman Training | 2 | |
| Pulverize | 1 | |
| Melee Weapons | 2 | |
| Pillage | 1 | |
| Berserker Strength | 1 | |
| Ranged Weapons | 2 | |
12 total
» buildings
| Altar of Storms | 1 | |
| Orc Burrow | 13 | |
| Barracks | 1 | |
| War Mill | 2 | |
| Voodoo Lounge | 1 | |
| Stronghold | 3 | |
| Great Hall | 3 | |
| Spirit Lodge | 1 | |
| Fortress | 2 | |
| Tauren Totem | 2 | |
| Beastiary | 2 | |
31 total
» build order
00:47 Altar of Storms
01:03 Orc Burrow
01:18 Barracks
01:27 Orc Burrow
01:47 War Mill
02:28 Voodoo Lounge
03:11 Orc Burrow
04:19 Stronghold
04:52 Great Hall
07:02 Spirit Lodge
07:04 Orc Burrow
07:11 Orc Burrow
07:16 Fortress
08:54 Orc Burrow
09:49 Tauren Totem
10:05 Tauren Totem
16:41 Orc Burrow
19:41 Beastiary
19:43 Beastiary
19:48 War Mill
24:25 Great Hall
24:32 Great Hall
29:08 Stronghold
29:08 Stronghold
29:48 Orc Burrow
29:49 Orc Burrow
29:51 Orc Burrow
32:09 Orc Burrow
32:11 Orc Burrow
32:58 Fortress
33:01 Orc Burrow
» items
| Healing Salve | 1 | |
| Lesser Clarity Potion | 6 | |
| Orb of Lightning | 2 | |
| Tiny Great Hall | 1 | |
| Scroll of Town Portal | 6 | |
| Potion of Mana | 4 | |
20 total
KalUrgol (
purple | 83 APM | 3110 actions | 37:40)
10 Blademaster
3 Wind Walk
3 Critical Strike
1 Bladestorm
3 Mirror Image
» actions
| Assign group hotkey | 215 | |
| Basic commands | 13 | |
| Build / train | 107 | |
| Enter build submenu | 66 | |
| Enter hero's abilities submenu | 10 | |
| Give item / drop item | 7 | |
| Remove unit from queue | 2 | |
| Right click | 1503 | |
| Select / deselect | 357 | |
| Select group hotkey | 505 | |
| Use ability | 325 | |
3110 total
» units
| Peon | 12 | |
| Grunt | 4 | |
| Goblin Shredder | 2 | |
| Troll Batrider | 20 | |
| Goblin Zeppelin | 1 | |
39 total
» upgrades
| Ranged Weapons | 3 | |
| Liquid Fire | 1 | |
| Armor | 3 | |
| Troll Regeneration | 1 | |
| Reinforced Defenses | 1 | |
| Spiked Barricades | 3 | |
| Pillage | 1 | |
| Envenomed Spears | 1 | |
14 total
» buildings
| Orc Burrow | 6 | |
| Altar of Storms | 1 | |
| Barracks | 1 | |
| Voodoo Lounge | 2 | |
| Stronghold | 1 | |
| War Mill | 2 | |
| Great Hall | 2 | |
| Watch Tower | 64 | |
| Beastiary | 5 | |
| Fortress | 1 | |
85 total
» build order
00:19 Orc Burrow
00:53 Altar of Storms
00:54 Barracks
01:50 Orc Burrow
01:53 Voodoo Lounge
01:56 Voodoo Lounge
03:01 Stronghold
03:50 Orc Burrow
04:44 War Mill
05:29 Great Hall
06:12 Watch Tower
06:12 Watch Tower
06:14 Watch Tower
06:15 Watch Tower
07:03 Beastiary
07:04 Beastiary
07:14 Fortress
07:27 Beastiary
07:48 Orc Burrow
08:20 Beastiary
11:19 War Mill
11:21 Watch Tower
11:22 Watch Tower
11:23 Watch Tower
11:24 Watch Tower
15:02 Great Hall
15:07 Watch Tower
15:07 Watch Tower
15:08 Watch Tower
15:12 Watch Tower
15:13 Watch Tower
15:14 Watch Tower
15:20 Watch Tower
15:21 Watch Tower
15:21 Watch Tower
15:22 Watch Tower
18:43 Watch Tower
18:44 Watch Tower
18:44 Watch Tower
18:46 Watch Tower
18:46 Watch Tower
18:52 Watch Tower
18:52 Watch Tower
18:53 Watch Tower
18:53 Watch Tower
18:55 Watch Tower
18:56 Watch Tower
18:56 Watch Tower
18:57 Watch Tower
19:00 Beastiary
19:35 Watch Tower
19:35 Watch Tower
19:36 Watch Tower
19:36 Watch Tower
19:37 Watch Tower
19:38 Watch Tower
19:39 Watch Tower
19:39 Watch Tower
19:40 Watch Tower
19:40 Watch Tower
25:53 Orc Burrow
28:19 Orc Burrow
28:20 Watch Tower
28:20 Watch Tower
28:21 Watch Tower
28:21 Watch Tower
28:22 Watch Tower
28:22 Watch Tower
28:22 Watch Tower
30:12 Watch Tower
30:13 Watch Tower
30:13 Watch Tower
30:13 Watch Tower
30:14 Watch Tower
35:45 Watch Tower
35:45 Watch Tower
35:46 Watch Tower
35:46 Watch Tower
35:48 Watch Tower
35:49 Watch Tower
35:50 Watch Tower
35:50 Watch Tower
35:51 Watch Tower
35:54 Watch Tower
» items
| Healing Salve | 6 | |
| Boots of Speed | 1 | |
| Staff of Teleportation | 1 | |
| Lesser Clarity Potion | 7 | |
| Orb of Lightning | 1 | |
| Potion of Mana | 9 | |
| Scroll of Town Portal | 5 | |
| Potion of Healing | 9 | |
39 total

»
whyamistillup (
teal | 153 APM | 5773 actions | 37:39)
5 Dreadlord
3 Vampiric Aura
2 Sleep
3 Death Knight
2 Death Coil
1 Unholy Aura
5 Crypt Lord
2 Impale
3 Spiked Carapace
» actions
| Assign group hotkey | 180 | |
| Basic commands | 98 | |
| Build / train | 91 | |
| ESC pressed | 6 | |
| Enter build submenu | 26 | |
| Enter hero's abilities submenu | 14 | |
| Give item / drop item | 8 | |
| Right click | 1849 | |
| Select / deselect | 828 | |
| Select group hotkey | 2538 | |
| Use ability | 135 | |
5773 total
» units
| Acolyte | 13 | |
| Ghoul | 8 | |
| Meatwagon | 11 | |
| Necromancer | 10 | |
| Obsidian Statue | 2 | |
44 total
» upgrades
| Necromancer Training | 2 | |
| Exhume Corpses | 1 | |
| Skeletal Mastery | 1 | |
| Unholy Strength | 2 | |
| Unholy Armor | 2 | |
8 total
» buildings
| Ziggurat | 10 | |
| Crypt | 1 | |
| Altar of Darkness | 1 | |
| Nerubian Tower | 1 | |
| Tomb of Relics | 1 | |
| Halls of the Dead | 1 | |
| Graveyard | 1 | |
| Black Citadel | 1 | |
| Temple of the Damned | 2 | |
| Slaughterhouse | 2 | |
| Spirit Tower | 5 | |
26 total
» build order
00:07 Ziggurat
00:11 Crypt
00:42 Altar of Darkness
01:00 Ziggurat
01:21 Nerubian Tower
02:18 Tomb of Relics
03:55 Halls of the Dead
04:03 Ziggurat
04:06 Ziggurat
05:24 Graveyard
06:06 Ziggurat
06:36 Black Citadel
06:53 Temple of the Damned
06:56 Slaughterhouse
07:28 Temple of the Damned
07:39 Spirit Tower
07:41 Ziggurat
08:40 Ziggurat
10:11 Ziggurat
10:13 Ziggurat
11:40 Spirit Tower
11:52 Spirit Tower
14:39 Ziggurat
17:05 Slaughterhouse
19:24 Spirit Tower
23:48 Spirit Tower
» items
| Healing Salve | 1 | |
| Scroll of Speed | 1 | |
| Rod of Necromancy | 2 | |
| Wand of Illusion | 1 | |
| Periapt of Vitality | 1 | |
| Claws of Attack +6 | 1 | |
| Scroll of Town Portal | 5 | |
| Orb of Corruption | 2 | |
| Orb of Lightning | 1 | |
15 total

»
drunknhaze (
red | 19 APM | 729 actions | 37:39)
8 Paladin
3 Holy Light
3 Devotion Aura
1 Resurrection
1 Divine Shield
» actions
| Basic commands | 17 | |
| Build / train | 79 | |
| ESC pressed | 1 | |
| Enter build submenu | 39 | |
| Enter hero's abilities submenu | 8 | |
| Give item / drop item | 1 | |
| Right click | 208 | |
| Select / deselect | 301 | |
| Use ability | 75 | |
729 total
» units
| Peasant | 19 | |
| Footman | 6 | |
| Knight | 14 | |
| Priest | 4 | |
43 total
» upgrades
| Defend | 1 | |
| Masonry | 1 | |
| Swords | 3 | |
| Plating | 2 | |
| Animal War Training | 1 | |
| Lumber Harvesting | 1 | |
| Priest Training | 2 | |
11 total
» buildings
| Altar of Kings | 1 | |
| Farm | 11 | |
| Scout Tower | 13 | |
| Arcane Tower | 1 | |
| Barracks | 2 | |
| Lumber Mill | 1 | |
| Guard Tower | 9 | |
| Keep | 2 | |
| Blacksmith | 1 | |
| Castle | 1 | |
| Town Hall | 3 | |
| Arcane Sanctum | 1 | |
| Arcane Vault | 2 | |
| Gryphon Aviary | 2 | |
50 total
» build order
00:07 Altar of Kings
00:12 Farm
00:53 Farm
01:03 Scout Tower
01:29 Farm
01:33 Arcane Tower
02:06 Farm
02:17 Barracks
02:22 Barracks
02:43 Farm
02:52 Lumber Mill
03:08 Scout Tower
03:20 Farm
03:45 Scout Tower
03:56 Guard Tower
04:02 Farm
05:47 Keep
07:12 Guard Tower
07:18 Blacksmith
09:16 Castle
09:25 Town Hall
09:31 Scout Tower
09:34 Scout Tower
10:25 Scout Tower
10:27 Scout Tower
10:30 Guard Tower
11:42 Guard Tower
11:45 Scout Tower
11:46 Scout Tower
12:00 Farm
12:03 Farm
12:25 Guard Tower
12:43 Scout Tower
13:34 Guard Tower
13:36 Scout Tower
13:44 Farm
14:23 Guard Tower
14:25 Scout Tower
14:29 Farm
17:06 Scout Tower
18:01 Guard Tower
18:12 Arcane Sanctum
18:19 Guard Tower
18:44 Arcane Vault
22:31 Town Hall
32:34 Keep
35:02 Gryphon Aviary
35:04 Gryphon Aviary
35:50 Town Hall
36:32 Arcane Vault
» items
| Claws of Attack +6 | 1 | |
| Scroll of Town Portal | 1 | |
| Tiny Great Hall | 1 | |
3 total
team 2 (loser)

»
321 (
yellow | 69 APM | 2592 actions | 37:27)
8 Death Knight
3 Death Coil
3 Unholy Aura
1 Animate Dead
1 Death Pact
6 Lich
3 Frost Nova
2 Frost Armor
1 Death and Decay
» actions
| Assign group hotkey | 25 | |
| Build / train | 67 | |
| Enter build submenu | 22 | |
| Enter hero's abilities submenu | 14 | |
| Give item / drop item | 1 | |
| Right click | 1269 | |
| Select / deselect | 376 | |
| Select group hotkey | 744 | |
| Use ability | 74 | |
2592 total
» units
| Acolyte | 12 | |
| Ghoul | 5 | |
| Crypt Fiend | 17 | |
| Frost Wyrm | 5 | |
| Druid of the Claw | 1 | |
40 total
» upgrades
| Creature Attack | 3 | |
| Creature Carapace | 2 | |
| Web | 1 | |
| Freezing Breath | 1 | |
7 total
» buildings
| Altar of Darkness | 1 | |
| Ziggurat | 9 | |
| Crypt | 1 | |
| Graveyard | 1 | |
| Halls of the Dead | 1 | |
| Sacrificial Pit | 1 | |
| Black Citadel | 1 | |
| Spirit Tower | 1 | |
| Boneyard | 2 | |
| Tomb of Relics | 1 | |
| Tree of Life | 1 | |
| Necropolis | 1 | |
21 total
» build order
00:07 Altar of Darkness
00:09 Ziggurat
00:37 Crypt
01:09 Graveyard
01:19 Ziggurat
03:21 Ziggurat
04:54 Halls of the Dead
06:15 Ziggurat
07:37 Ziggurat
08:58 Sacrificial Pit
09:58 Black Citadel
10:34 Ziggurat
13:31 Spirit Tower
13:41 Boneyard
14:04 Boneyard
15:14 Tomb of Relics
19:14 Tree of Life
20:07 Ziggurat
20:07 Ziggurat
27:54 Necropolis
31:15 Ziggurat
» items
castlecrisis (
green | 109 APM | 3981 actions | 36:30)
7 Mountain King
3 Thunder Clap
3 Storm Bolt
1 Avatar
2 Demon Hunter
1 Evasion
1 Metamorphosis
» actions
| Assign group hotkey | 104 | |
| Basic commands | 188 | |
| Build / train | 91 | |
| ESC pressed | 4 | |
| Enter build submenu | 29 | |
| Enter hero's abilities submenu | 10 | |
| Remove unit from queue | 2 | |
| Right click | 1694 | |
| Select / deselect | 496 | |
| Select group hotkey | 1190 | |
| Use ability | 173 | |
3981 total
» units
| Peasant | 11 | |
| Footman | 7 | |
| Rifleman | 2 | |
| Mortar Team | 1 | |
| Goblin Shredder | 2 | |
| Gryphon Rider | 24 | |
| Mountain Giant | 1 | |
| Druid of the Claw | 3 | |
51 total
» upgrades
| Swords | 2 | |
| Gunpowder | 1 | |
| Animal War Training | 1 | |
| Storm Hammers | 1 | |
| Armor | 1 | |
6 total
» buildings
| Barracks | 2 | |
| Farm | 11 | |
| Altar of Kings | 1 | |
| Keep | 2 | |
| Lumber Mill | 1 | |
| Blacksmith | 2 | |
| Castle | 3 | |
| Workshop | 1 | |
| Gryphon Aviary | 3 | |
| Town Hall | 7 | |
33 total
» build order
00:48 Barracks
00:50 Farm
02:11 Altar of Kings
02:14 Farm
07:52 Keep
07:52 Keep
07:57 Lumber Mill
09:06 Blacksmith
09:09 Barracks
09:12 Farm
09:16 Farm
10:01 Farm
10:15 Castle
10:15 Castle
11:24 Workshop
11:28 Blacksmith
11:32 Farm
11:33 Farm
11:35 Farm
12:53 Gryphon Aviary
12:56 Gryphon Aviary
12:57 Gryphon Aviary
13:55 Farm
13:56 Farm
13:57 Farm
16:42 Town Hall
18:53 Town Hall
19:00 Town Hall
26:24 Town Hall
27:40 Town Hall
29:25 Town Hall
29:27 Town Hall
comon.man (
orange | 121 APM | 4543 actions | 37:38)
8 Dreadlord
3 Carrion Swarm
3 Vampiric Aura
1 Inferno
1 Sleep
5 Crypt Lord
3 Impale
2 Spiked Carapace
1 Demon Hunter
1 Mana Burn
» actions
| Assign group hotkey | 35 | |
| Basic commands | 9 | |
| Build / train | 109 | |
| Enter build submenu | 23 | |
| Enter hero's abilities submenu | 14 | |
| Remove unit from queue | 1 | |
| Right click | 1407 | |
| Select / deselect | 671 | |
| Select group hotkey | 2112 | |
| Use ability | 161 | |
4543 total
» units
| Acolyte | 18 | |
| Ghoul | 11 | |
| Obsidian Statue | 7 | |
| Necromancer | 11 | |
| Abomination | 7 | |
| Gargoyle | 5 | |
| Crypt Fiend | 1 | |
60 total
» upgrades
| Unholy Armor | 2 | |
| Unholy Strength | 3 | |
| Cannibalize | 1 | |
| Necromancer Training | 1 | |
| Skeletal Longevity | 1 | |
| Destroyer Form | 1 | |
| Disease Cloud | 1 | |
| Skeletal Mastery | 1 | |
11 total
» buildings
| Ziggurat | 9 | |
| Crypt | 1 | |
| Altar of Darkness | 1 | |
| Graveyard | 1 | |
| Tomb of Relics | 1 | |
| Nerubian Tower | 2 | |
| Halls of the Dead | 3 | |
| Spirit Tower | 1 | |
| Slaughterhouse | 2 | |
| Temple of the Damned | 1 | |
| Black Citadel | 2 | |
| Necropolis | 1 | |
25 total
» build order
00:09 Ziggurat
00:12 Crypt
00:38 Altar of Darkness
00:59 Graveyard
01:47 Ziggurat
02:23 Tomb of Relics
03:47 Ziggurat
03:49 Nerubian Tower
03:52 Halls of the Dead
03:53 Halls of the Dead
04:26 Ziggurat
06:10 Spirit Tower
06:14 Slaughterhouse
06:16 Slaughterhouse
06:18 Temple of the Damned
07:15 Ziggurat
07:45 Black Citadel
07:45 Black Citadel
09:19 Necropolis
12:59 Ziggurat
13:01 Ziggurat
14:58 Ziggurat
28:03 Ziggurat
29:21 Nerubian Tower
» items
| Rod of Necromancy | 1 | |
| Scroll of Healing | 3 | |
4 total

»
arcc0ntr0l (
blue | 26 APM | 424 actions | 16:13)
4 Demon Hunter
2 Evasion
2 Mana Burn
» actions
| Build / train | 50 | |
| Enter build submenu | 22 | |
| Enter hero's abilities submenu | 4 | |
| Give item / drop item | 2 | |
| Remove unit from queue | 2 | |
| Right click | 138 | |
| Select / deselect | 172 | |
| Use ability | 34 | |
424 total
» units
| Wisp | 21 | |
| Huntress | 6 | |
| Druid of the Claw | 4 | |
| Mountain Giant | 2 | |
33 total
» upgrades
| Druid of the Claw Training | 2 | |
| Resistant Skin | 1 | |
| Hardened Skin | 1 | |
| Mark of the Claw | 1 | |
5 total
» buildings
| Altar of Elders | 1 | |
| Moon Well | 10 | |
| Ancient of War | 1 | |
| Ancient of Wonders | 1 | |
| Tree of Ages | 1 | |
| Hunter's Hall | 1 | |
| Tree of Eternity | 1 | |
| Ancient of Lore | 2 | |
| Tree of Life | 2 | |
20 total
» build order
00:07 Altar of Elders
00:09 Moon Well
01:05 Moon Well
01:19 Ancient of War
01:32 Ancient of Wonders
02:49 Tree of Ages
03:09 Hunter's Hall
03:23 Moon Well
04:44 Moon Well
04:58 Moon Well
05:37 Tree of Eternity
06:23 Ancient of Lore
08:49 Tree of Life
10:31 Ancient of Lore
11:52 Moon Well
11:54 Moon Well
11:56 Moon Well
11:59 Moon Well
12:26 Moon Well
13:41 Tree of Life
» items
| Lesser Clarity Potion | 1 | |
| Scroll of Town Portal | 1 | |
| Orb of Venom | 1 | |
3 total
Chat log
(00:15 / All) KalUrgol: Like a nigger in the night, your love was out of sight
(00:17 / Allies) whyamistillup: units?
(00:30 / Allies) drunknhaze: foots to start
(00:38 / All) whyamistillup: that is by far the most poetic and racist shiet i've ever heard
(00:47 / All) KalUrgol: Footman start, but do they fart?
(00:50 / Allies) whyamistillup: rush or cc?
(00:56 / Allies) 13lademaster007: cc
(01:00 / Allies) 13lademaster007: melee
(01:10 / Allies) whyamistillup: dl/ ghouls/ necs/wagons
(01:42 / All) KalUrgol: He rode to the prairie on a prairie nigger's wagon, but on the way he was swallowed up by a dragon
(05:23 / Allies) 13lademaster007: unitrs purp?
(05:37 / Allies) KalUrgol: aye
(06:32 / Allies) KalUrgol: brb
(06:55 / Allies) KalUrgol: back
(09:56 / Allies) 13lademaster007: wood me
(10:06 / Allies) 13lademaster007: ty
(11:48 / Allies) 13lademaster007: lol
(11:54 / Allies) KalUrgol: lawl
(12:01 / Allies) KalUrgol: better tower it
(12:59 / Allies) 13lademaster007: ill hex
(13:51 / All) 13lademaster007: ITS MY MINE
(15:06 / All) 13lademaster007: oups
(15:16 / All) 13lademaster007: BRING IT
(15:26 / Allies) KalUrgol: lumber
(16:24 / All) KalUrgol: nec vs nec lawl
(16:43 / Allies) KalUrgol: outtie
(17:23 / All) castlecrisis: kill the level 6
(17:25 / All) castlecrisis: he doesn't have tp
(17:27 / All) castlecrisis: KILL THE LEVEL 65
(17:29 / All) castlecrisis: HE DOESNT HAVE TP
(17:31 / Allies) drunknhaze: lumber?
(17:31 / All) castlecrisis: KILL THE LEVEL 6
(17:33 / All) castlecrisis: HE DOESNT HAVE TP
(17:35 / All) castlecrisis: KILL THE LEVEL 6
(17:38 / All) castlecrisis: KILL THE LEVEL 6
(17:40 / All) castlecrisis: HE DOESN HAVE TP
(17:41 / All) castlecrisis: KILL THE LEVEL 6
(17:43 / All) castlecrisis: HE DOESNT HAVE TP
(18:06 / All) 13lademaster007: LOL
(18:19 / Allies) 13lademaster007: aa please
(18:22 / All) castlecrisis: I ALWAYS CRYSTALIZE MY MESSAGE TO MY ALLIES BY REPEATING IT RELIGIOUSLY.
(18:29 / All) 13lademaster007: STFU NOOB
(18:33 / All) castlecrisis: FAGGOT VITCH YO USUCK
(18:37 / All) castlecrisis: LET ME STATS U
(18:41 / All) 13lademaster007: i pwned 3 guys
(18:42 / All) 13lademaster007: lol
(18:44 / All) castlecrisis: LOL YOU AHVE 12 WINS TO 8 LOSSES
(18:46 / All) castlecrisis: FAGGOT NNOOB
(18:50 / All) castlecrisis: YO USUCK SO BADI Cnt ableive how muc hu fucking suck
(18:52 / All) 13lademaster007: you?
(19:08 / All) KalUrgol: no expo for you
(19:20 / All) 13lademaster007: LOL
(19:50 / All) KalUrgol: you don't get one either
(20:04 / Allies) drunknhaze: lumber plz
(20:29 / Allies) 13lademaster007: GOGOGOOGO NOW
(20:54 / All) castlecrisis: LOL TAHTS WTHE WORST PLASCED IINVLULNELNJAR
(21:06 / All) KalUrgol: nigger
(21:59 / All) 13lademaster007: PWNED...
(22:07 / All) 321: hahahah 2v4
(22:08 / All) comon.man: dude its 2v4 haha
(22:16 / All) comon.man: i'm interested in your definition
(22:27 / All) KalUrgol: you have more than 2 lol
(22:35 / All) comon.man: in that battle, no
(22:38 / All) 321: in that battle buddy
(22:41 / All) KalUrgol: wel;l tp next time retard
(22:44 / Allies) whyamistillup: get those bats to kill those
(22:45 / Allies) whyamistillup: griffs
(22:49 / All) 321: nah we wrecked
(22:54 / All) 321: but thanks bro
(23:00 / All) KalUrgol: No expos I have 2
(23:53 / Allies) 13lademaster007: OUT
(23:54 / Allies) 13lademaster007: OUT
(25:20 / Allies) drunknhaze: lol blue doesnt know how to use taunt
(25:50 / All) 321: blue gree ncome
(26:09 / Allies) 13lademaster007: GOGOGGO
(26:48 / All) KalUrgol: Need gold green?
(28:22 / Allies) 13lademaster007: wow if we loose this
(28:24 / Allies) 13lademaster007: guys
(28:25 / Allies) 13lademaster007: FUCK
(28:31 / Allies) 13lademaster007: GET YOUR UNITS UP
(28:34 / Allies) 13lademaster007: AA
(28:56 / Allies) 13lademaster007: PURP
(28:57 / Allies) drunknhaze: make bats purp
(28:59 / Allies) 13lademaster007: GIVE GOLD
(30:40 / Allies) 13lademaster007: aa and we win
(30:42 / Allies) 13lademaster007: massing bats
(30:45 / Allies) drunknhaze: gold plz to start mine
(30:58 / Allies) drunknhaze: ty
(31:15 / Allies) whyamistillup: need gold pls
(31:25 / Allies) 13lademaster007: PURP GOLD
(32:52 / Allies) KalUrgol: b
(33:36 / Allies) KalUrgol: b
(33:38 / Allies) KalUrgol: b
(33:39 / Allies) KalUrgol: fight in twoers
(34:00 / Allies) KalUrgol: all meet
(34:04 / Allies) whyamistillup: where?
(35:02 / Allies) KalUrgol: tp
(35:12 / Allies) 13lademaster007: GOGOGO
(35:28 / All) 321: back\
(36:07 / Allies) KalUrgol: stick with teal pink
(36:26 / Allies) whyamistillup: i got some gold
(37:25 / All) whyamistillup: hahah